 Dungeon Crawl Stone Soup version 0.18-a0-1314-g2549be2 (webtiles) character file.

1201 KaeM the Digger (level 8, -7/43 HPs)
             Began as a Gargoyle Earth Elementalist on Feb 15, 2016.
             Mangled by a yak (10 damage)
             ... on level 6 of the Dungeon.
             The game lasted 00:21:19 (5162 turns).

KaeM the Digger (Gargoyle Earth Elementalist)       Turns: 5162, Time: 00:21:19

Health: -7/43      AC: 12    Str: 13    XL:     8   Next: 44%
Magic:  7/17       EV: 12    Int: 20    God:
Gold:   207        SH:  0    Dex: 10    Spells: 4 memorised, 10 levels left

rFire  . . .     SeeInvis .     h - +3 dagger (venom)
rCold  . . .     Gourm    .     a - +0 robe
rNeg   + . .     Faith    .     (no shield)
rPois  ∞         Spirit   .     o - +2 helmet {Int+3}
rElec  +         Dismiss  .     (no cloak)
rCorr  .         Reflect  .     (no gloves)
SustAt .         Harm     .     E - +0 pair of boots
MR     .....                    e - amulet of regeneration
Stlth  ++........               (no ring)
                                C - +1 ring of protection

@: about to teleport, not resistant to hostile enchantments, unstealthy
A: negative energy resistance 1, electricity resistance, unbreathing,
petrification resistance, rot immunity, AC +5
a: no special abilities


You were on level 6 of the Dungeon.
You were not hungry.

You visited 2 branches of the dungeon, and saw 7 of its levels.

You collected 207 gold pieces.

Inventory:

Hand Weapons
 f - a +0 morningstar
 h - a +3 dagger of venom (weapon)
 l - a +1 dagger of draining
 m - a +3 vampiric dagger
 r - a +0 dagger of speed
 u - a +0 vampiric dagger
 H - a cursed -2 trident
Missiles
 b - 4 stones (quivered)
 I - 2 exploding tomahawks
Armour
 a - a +0 robe (worn)
 o - a +2 helmet of intelligence (worn)
 E - a +0 pair of boots (worn)
Jewellery
 e - an amulet of regeneration (around neck)
 C - a +1 ring of protection (left hand)
Wands
 t - a wand of digging (0/24)
Scrolls
 g - 3 scrolls of amnesia
 q - 5 scrolls of remove curse
 v - 2 scrolls of fear
 F - a scroll of identify
Potions
 i - a potion of flight
 k - a potion of cure mutation
 n - a potion of heal wounds {unknown}
 p - 3 potions of cancellation
 s - a potion of curing {unknown}
 w - a potion of ambrosia {unknown}
 x - a potion of brilliance {unknown}
 A - 2 potions of haste {unknown}
 B - a potion of mutation {unknown}
Books
 c - a book of Geomancy

   Spells                             Type                      Level
   a - Sandblast                      Earth                        1
   b - Passwall                       Transmutation/Earth          2
   c - Stone Arrow                    Conjuration/Earth            3
   d - Petrify                        Transmutation/Earth          4
   e - Lee's Rapid Deconstruction     Earth                        5
 z - a Young Poisoner's Handbook

   Spells                             Type                      Level
   a - Sting                          Conjuration/Poison           1
   b - Cure Poison                    Poison                       2
   c - Mephitic Cloud                 Conjuration/Poison/Air       3
   d - Olgreb's Toxic Radiance        Poison                       4
   e - Venom Bolt                     Conjuration/Poison           5
Comestibles
 d - 4 bread rations
 j - 3 meat rations
 G - 2 beef jerkies
 J - 4 fruits


   Skills:
 + Level 1.2 Fighting
 + Level 1.1 Maces & Flails
 + Level 1.3 Armour
 + Level 2.0 Dodging
 - Level 2.1 Stealth
 * Level 6.6 Spellcasting
 + Level 4.4 Conjurations
   Level 0.7 Transmutations
 + Level 6.6 Earth Magic


You had 10 spell levels left.
You knew the following spells:

 Your Spells              Type           Power        Failure   Level  Hunger
a - Sandblast             Erth           ####..       1%          1    None
b - Stone Arrow           Conj/Erth      ####..       3%          3    #......
c - Lee's Rapid Deconstr  Erth           ####......   21%         5    #####..
d - Sting                 Conj/Pois      ###.         4%          1    None


Dungeon Overview and Level Annotations

Branches:
Dungeon (6/15)             Temple (1/1) D:4

Altars:
Kikubaaqudgha
Makhleb
Nemelex Xobeh
Okawaru
Pakellas
Sif Muna
Xom
Yredelemnul
Zin


Innate Abilities, Weirdness & Mutations

You are resistant to torment.
Your stone body is resilient (AC +5).
You are immune to poison.
You resist negative energy.
You are resistant to electric shocks.
You can survive without breathing.
You are immune to petrification.
You are immune to rotting.


Message History

You barely miss the yak.
The yak is almost dead.
The yak misses you.
You closely miss the yak.
The yak is almost dead.
The yak gores you!
You hit the yak.
You kill the yak!
Your Fighting skill increases to level 1!
Your Maces & Flails skill increases to level 1!
Your Armour skill increases to level 1!
Your Dodging skill increases to level 2!
You closely miss the yak. The yak gores you!
* * * LOW HITPOINT WARNING * * *
Drink which item? (? for menu, Esc to quit)
Okay, then.
Read which item? (? for menu, Esc to quit)
As you read the scroll of teleportation, it crumbles to dust.
You feel strangely unstable. The yak gores you!
You die...

#.....###
#.......###
#.........##
#...........##
#..#.........##
...##..........#
...# ##........##
... ##.....).##
## ..
##....##@###.####
##.#####Y#.....#
## ##Y.......
#..[......
#..........
#..........
#..........
##.........
##........


You could see 2 yaks.

Vanquished Creatures
  Sigmund (D:2)
  A yak (D:6)
  A sky beast (D:5)
  An ogre (D:4)
  A necrophage (D:3)
  A centaur (D:4)
  Blork the orc (D:4)
  A jelly (D:5)
  3 orc wizards
  2 orc priests
  A hound (D:5)
  4 worker ants
  Terence (D:2)
  7 adders
  An adder skeleton (D:5)
  2 worms
  3 giant geckos
  15 orcs
  3 giant cockroaches
  10 goblins
  6 hobgoblins
  3 jackals (D:4)
  11 kobolds
  3 quokkas
  11 bats
  A giant gecko skeleton (D:5)
  3 giant newts
  A quokka zombie (D:5)
  10 rats
109 creatures vanquished.

Notes
Turn   | Place    | Note
--------------------------------------------------------------
     0 | D:1      | KaeM the Gargoyle Earth Elementalist began the quest for the Orb.
     0 | D:1      | Reached XP level 1. HP: 10/10 MP: 3/3
   237 | D:1      | Reached XP level 2. HP: 10/15 MP: 5/5
   440 | D:1      | Reached skill level 4 in Earth Magic
  1231 | D:1      | Reached XP level 3. HP: 19/19 MP: 7/7
  1236 | D:1      | Learned a level 3 spell: Stone Arrow
  1549 | D:2      | Found a deep blue altar of Sif Muna.
  1590 | D:2      | Noticed Sigmund
  1608 | D:2      | Killed Sigmund
  1608 | D:2      | Reached skill level 5 in Earth Magic
  1608 | D:2      | Reached XP level 4. HP: 24/24 MP: 3/10
  1608 | D:2      | Reached XP level 5. HP: 28/28 MP: 3/11
  1988 | D:2      | Noticed Terence
  1995 | D:2      | Killed Terence
  1995 | D:2      | Reached XP level 6. HP: 32/32 MP: 6/12
  2510 | D:3      | Learned a level 5 spell: Lee's Rapid Deconstruction
  2675 | D:3      | Noticed a necrophage
  2683 | D:3      | Killed a necrophage
  2683 | D:3      | Reached skill level 5 in Spellcasting
  2757 | D:3      | Reached XP level 7. HP: 36/36 MP: 11/14
  2847 | D:3      | Noticed an angel
  2849 | D:3      | Found a shimmering altar of Xom.
  2851 | D:3      | Found a glowing silver altar of Zin.
  3297 | D:4      | Noticed Blork the orc
  3408 | D:4      | Killed Blork the orc
  3408 | D:4      | Reached skill level 6 in Earth Magic
  3969 | D:4      | Found a staircase to the Ecumenical Temple.
  3977 | Temple   | Entered the Ecumenical Temple
  4366 | D:5      | Entered Level 5 of the Dungeon
  4417 | D:5      | Learned a level 1 spell: Sting
  4448 | D:5      | Reached XP level 8. HP: 36/41 MP: 15/17
  5146 | D:6      | Noticed a yak
  5147 | D:6      | Noticed a yak
  5147 | D:6      | Noticed a yak
  5160 | D:6      | Killed a yak
  5160 | D:6      | Reached skill level 1 in Fighting
  5160 | D:6      | Reached skill level 1 in Maces & Flails
  5160 | D:6      | Reached skill level 1 in Armour
  5162 | D:6      | Mangled by a yak

Vault maps used:
D:1:      minmay_arrival_jagged, roderic_serpentine_path
D:2:      led_sif_pool, uniq_sigmund, uniq_terence
D:3:      grunt_temple_overflow_order_and_chaos_1, first_bread
D:4:      minmay_temple_entry_trees, uniq_blork_the_orc
D:6:      vehumet_altar_wand_db
Temple:   circular_temple_6

Action                   |  1- 3 |  4- 6 |  7- 9 || total
-------------------------+-------+-------+-------++-------
Melee: Club              |    33 |       |       ||    33
       Dagger            |    59 |    88 |    71 ||   218
 Cast: Sandblast         |     6 |    23 |    51 ||    80
       Stone Arrow       |       |       |     3 ||     3
       Sting             |       |       |     2 ||     2
  Use: Scroll            |     2 |     2 |     8 ||    12
       Potion            |     1 |       |     3 ||     4
 Stab: Sleeping          |     1 |     2 |       ||     3
  Eat: Chunk             |     2 |     4 |     8 ||    14
